 Dungeon Crawl Stone Soup version 0.17.1-2-g5865329 (webtiles) character file.

35 pipel the Grave Robber (level 3, -1/16 HPs)
             Began as a Vine Stalker Necromancer on Jan 22, 2016.
             Slain by a jackal (2 damage)
             ... on level 2 of the Dungeon.
             The game lasted 00:04:26 (373 turns).

pipel the Grave Robber (Vine Stalker Necromancer)    Turns: 373, Time: 00:04:26

Health: -1/16      AC:  1    Str: 10    XL:     3   Next: 33%
Magic:  0/7        EV: 12    Int: 15    God:
Gold:   24         SH:  0    Dex: 15    Spells: 3 memorised, 1 level left

rFire  . . .     SeeInvis .       - Unarmed
rCold  . . .     Clarity  .     (no armour)
rNeg   . . .     SustAt   .     (no shield)
rPois  .         Gourm    .     h - +0 helmet
rElec  .         Spirit   +     (no cloak)
rCorr  .         Warding  .     (no gloves)
rMut   .         Stasis   .     (no boots)
MR     .....                    (no amulet)
Stlth  ++........               (no ring)
                                (no ring)

@: not resistant to hostile enchantments, unstealthy
A: fangs 2, regeneration 1, magic shield, antimagic bite, no device heal 3, rot
immunity
a: no special abilities


You were on level 2 of the Dungeon.
You were not hungry.

You visited 1 branch of the dungeon, and saw 3 of its levels.

You collected 24 gold pieces.

Inventory:

Armour
 a - a +0 robe
 h - a +0 helmet (worn)
 n - a cursed +0 robe
Scrolls
 e - 3 scrolls of identify {unknown}
 i - a scroll of noise {unknown}
Potions
 g - a potion of curing {unknown}
 k - a potion of degeneration {unknown}
 l - a potion of heal wounds {unknown}
 m - a potion of haste {unknown}
Books
 b - a book of Necromancy

   Spells                             Type                      Level
   a - Pain                           Necromancy                   1
   b - Animate Skeleton               Necromancy                   1
   c - Vampiric Draining              Necromancy                   3
   d - Regeneration                   Charms/Necromancy            3
   e - Animate Dead                   Necromancy                   4
   f - Control Undead                 Necromancy                   4
Comestibles
 c - a bread ration
 d - a beef jerky
 f - 5 chunks of flesh
 j - a meat ration


   Skills:
 + Level 1.9 Dodging
 - Level 2.4 Stealth
 * Level 1.1 Unarmed Combat
 - Level 2.1 Spellcasting
 + Level 4.6 Necromancy


You had one spell level left.
You knew the following spells:

 Your Spells              Type           Power        Failure   Level  Hunger
a - Pain                  Necr           ###.         3%          1    #......
b - Animate Skeleton      Necr           N/A          3%          1    #......
c - Vampiric Draining     Necr           ###.......   12%         3    ###....


Dungeon Overview and Level Annotations

Branches:
Dungeon (3/15)

Altars:


Innate Abilities, Weirdness & Mutations

You have extremely sharp teeth.
Your natural rate of healing is unusually fast.
When hurt, damage is shared between your health and your magic reserves.
Your bite disrupts and absorbs the magic of your enemies.
Potions and wands cannot restore your health.
You are immune to rotting.


Message History

The jackal bites you.
You hit the jackal but do no damage. The jackal bites you.
The jackal bites you.
* * * LOW HITPOINT WARNING * * *
You closely miss the jackal. You bite the jackal. You drain its power.
You feel invigorated.
The jackal is moderately wounded.
The jackal closely misses you. The bat hits you.
* * * LOW HITPOINT WARNING * * *
Casting: Vampiric Draining
Confirm with . or Enter, or press ? or * to list all spells.
Aiming: Vampiric Draining
Press: ? - help, Shift-Dir - straight line, f - jackal
Aim: a jackal (moderately wounded)
The jackal is almost dead.
You feel life coursing into your body. The bat hits you but does no damage.
The bat barely misses you. The jackal bites you.
* * * LOW HITPOINT WARNING * * *
The jackal bites you.
You die...

#.....#.######....
#....>............
#.....#.######.#..
#.$...# # #.. #
#.....# #..
#.##.#..# #..
#.......# #..
.##.#####...#...
#..
.....b.@hh....#
###
..###########(#
... .#


You could see 2 jackals and a bat.

Vanquished Creatures
  2 adders (D:3)
  A giant gecko (D:1)
  2 giant cockroaches
  A hobgoblin (D:3)
  4 jackals (D:2)
  3 bats
  2 giant newts
  A rat (D:1)
16 creatures vanquished.

Vanquished Creatures (collateral kills)
  A giant newt (D:3)
  A rat (D:1)
2 creatures vanquished.

Grand Total: 18 creatures vanquished

Notes
Turn   | Place    | Note
--------------------------------------------------------------
     0 | D:1      | pipel the Vine Stalker Necromancer began the quest for the Orb.
     0 | D:1      | Reached XP level 1. HP: 9/9 MP: 4/4
    11 | D:1      | Learned a level 1 spell: Animate Skeleton
   162 | D:2      | Reached XP level 2. HP: 11/13 MP: 0/6
   277 | D:3      | Reached skill level 1 in Unarmed Combat
   303 | D:3      | Reached XP level 3. HP: 12/16 MP: 0/7
   308 | D:3      | Learned a level 3 spell: Vampiric Draining
   373 | D:2      | Slain by a jackal

Action                   || total
-------------------------++-------
Melee: Unarmed           ||    24
 Cast: Pain              ||    27
       Animate Skeleton  ||     5
       Vampiric Draining ||     2
